 Dungeon Crawl Stone Soup version 0.31.0-12-g77e489cdc1 (webtiles) character file.

Game seed: 5166695152001001287

197310 Metae the Warrior (level 17, -1/161 HPs)
             Began as a Minotaur Fighter on Feb 17, 2024.
             Was a High Priest of Jiyva.
             Slain by a shock serpent (13 damage)
             ... on level 4 of the Snake Pit on Feb 18, 2024.
             The game lasted 01:55:07 (25060 turns).

Metae the Warrior (Minotaur Fighter)               Turns: 25060, Time: 01:55:25

Health: -1/161     AC: 25    Str: 29    XL:     17   Next: 16%
Magic:  4/16       EV: 11    Int:  5    God:    Jiyva [*****.]
Gold:   1283       SH: 20    Dex: 13    Spells: 16/16 levels left

rFire   . . .        J - +4 trident (drain)
rCold   + . .        w - +0 kite shield
rNeg    + . .        C - +0 crystal plate armour
rPois   +            (helmet restricted)
rElec   .            (no cloak)
rCorr   +            (gloves unavailable)
SInv    .            q - +0 pair of boots {Fly}
Will    +++..        Q - amulet "Arihaeha" {Reflect Harm ^Drain rC+ Regen+ SH+5} Stlth
                     Y - +4 ring of protection
HPRegen 2.70/turn    V - ring of Gemuubb {rPois rN+ Dex+3 Stlth+}
MPRegen 0.87/turn

%: harm (+30% outgoing, +20% incoming), reflection, clarity
@: calling ooze, flying
A: horns 2, retaliatory headbutt, claws 3, iridescent scales 1, large bone
plates 1, clarity, strong-willed 2, wild magic 1, acidic bite, eyeballs 1,
pseudopods 1, translucent skin 1, jelly absorbing missiles
}: 2/15 runes: serpentine, slimy
a: Renounce Religion, Oozemancy, Slimify


You were on level 4 of the Snake Pit.
You worshipped Jiyva.
Jiyva was extremely pleased with you.
You visited 6 branches of the dungeon, and saw 29 of its levels.
You visited the Abyss 1 time.
You also visited: Sewer, Ice Cave and Volcano.

You collected 2703 gold pieces.
You spent 1420 gold pieces at shops.

Inventory:

Hand Weapons
 o - a +3 sling
 J - a +4 trident of draining (weapon)
 R - the +0 morningstar of Causality {flame, Str+4 Dex+3 SInv}
   (You found it in an ice cave)

   Str+4:     It affects your strength (+4).
   Dex+3:     It affects your dexterity (+3).
   SInv:      It lets you see invisible.
Missiles
 k - 40 poisoned darts
 s - 172 stones
Armour
 b - the +6 chain mail "Hosacurgh" {rF- Int+4 Dex+4}
   (You found it on level 5 of the Lair of Beasts)

   Int+4:     It affects your intelligence (+4).
   Dex+4:     It affects your dexterity (+4).
   rF-:       It makes you vulnerable to fire.
 q - a +0 pair of boots of flying (worn)
 w - a +0 kite shield (worn)
 C - a +0 crystal plate armour (worn)
 D - a +1 pair of gloves
Jewellery
 g - a +6 ring of strength
 h - a +6 ring of dexterity
 n - a +5 ring of evasion
 Q - the amulet "Arihaeha" (around neck) {Reflect Harm ^Drain rC+ Regen+ SH+5}
   (You found it on level 2 of the Lair of Beasts)

   [amulet of reflection]

   Reflect:   It reflects blocked missile attacks.
   rC+:       It protects you from cold.
   Regen+:    It increases your rate of health regeneration.
   ^Drain:    It drains your maximum health when unequipped.
   SH+5:      It affects your SH (+5).
   Harm:      It increases damage dealt and taken.
 V - the ring of Gemuubb (right claw) {rPois rN+ Dex+3 Stlth+}
   (You found it on level 5 of the Pits of Slime)

   [ring of poison resistance]

   Dex+3:     It affects your dexterity (+3).
   rPois:     It protects you from poison rN+: It protects you from negative
   energy.
   Stlth+:    It makes you more stealthy.
 Y - a +4 ring of protection (left claw)
Talismans
 L - a granite talisman
Wands
 a - a wand of light (13)
 p - a wand of polymorph (4)
 E - a wand of digging (8)
 G - a wand of flame (64)
 H - a wand of charming (16) (quivered)
 X - a wand of roots (10)
Scrolls
 e - 8 scrolls of teleportation
 f - 2 scrolls of revelation
 v - 3 scrolls of enchant armour
 A - 2 scrolls of poison
 B - 3 scrolls of enchant weapon
 I - 5 scrolls of fog
 K - 2 scrolls of blinking
 W - 2 scrolls of fear
Potions
 d - 2 potions of cancellation
 i - a potion of lignification {unknown}
 l - 7 potions of ambrosia
 m - 4 potions of invisibility
 r - 3 potions of mutation {unknown}
 t - a potion of curing
 u - 4 potions of haste
 x - a potion of heal wounds
 z - 7 potions of enlightenment
 F - 7 potions of brilliance
 P - 3 potions of might
 S - 2 potions of berserk rage {unknown}
Miscellaneous
 c - a phial of floods
 M - a lightning rod (4/4)


   Skills:
 + Level 17.0 Fighting
 + Level 16.9 Polearms
 - Level 6.4 Ranged Weapons
 - Level 5.9 Throwing
 + Level 17.0 Armour
 + Level 15.3 Dodging
 - Level 11.1 Shields
 + Level 8.9 Evocations


You had 16 spell levels left.
You didn't know any spells.
Your spell library contained the following spells:

 Spells                   Type           Power      Damage    Failure   Level
 Freeze                   Ice            0%         1d3       100%        1
 Magic Dart               Conj           0%         1d3       100%        1
 Sandblast                Erth           0%         2d4       100%        1
 Blink                    Tloc           0%         N/A       100%        2
 Call Imp                 Summ           0%         N/A       100%        2
 Cigotuvi's Dreadful Rot  Necr/Alch/Air  0%         N/A       100%        2
 Lesser Beckoning         Tloc           0%         N/A       100%        2
 Momentum Strike          Conj/Tloc      0%         3d8       100%        2
 Static Discharge         Conj/Air       0%         3-3/arc   100%        2
 Sublimation of Blood     Necr           0%         N/A       100%        2
 Dazzling Flash           Conj/Hex       0%         N/A       100%        3
 Frozen Ramparts          Ice            0%         1d1       100%        3
 Hailstorm                Conj/Ice       0%         3d5       100%        3
 Inner Flame              Hex/Fire       0%         N/A       100%        3
 Mephitic Cloud           Conj/Alch/Air  0%         N/A       100%        3
 Passwall                 Erth           0%         N/A       100%        3
 Stone Arrow              Conj/Erth      0%         3d7       100%        3
 Tukima's Dance           Hex            0%         N/A       100%        3
 Brom's Barrelling Bould  Conj/Erth      0%         2d3       100%        4
 Dispel Undead            Necr           0%         3d6       100%        4
 Flame Wave               Conj/Fire      0%         2d4       100%        4
 Leda's Liquefaction      Alch/Erth      0%         N/A       100%        4
 Martyr's Knell           Necr/Summ      0%         N/A       100%        4
 Passage of Golubria      Tloc           0%         N/A       100%        4
 Petrify                  Alch/Erth      0%         N/A       100%        4
 Sticky Flame             Fire/Alch      0%         2d4       100%        4
 Curse of Agony           Necr           0%         N/A       100%        5
 Irradiate                Conj/Alch      0%         3d11      100%        5
 Metabolic Englaciation   Hex/Ice        0%         N/A       100%        5
 Silence                  Hex/Air        0%         N/A       100%        5
 Yara's Violent Unravell  Hex/Alch       0%         3d3       100%        5
 Death Channel            Necr           0%         N/A       100%        6
 Eringya's Noxious Bog    Alch           0%         4d6       100%        6
 Sculpt Simulacrum        Ice/Alch       0%         N/A       100%        6
 Ozocubu's Refrigeration  Ice            0%         4d7       100%        7
 Summon Hydra             Summ           0%         N/A       100%        7
 Maxwell's Capacitive Co  Air            0%         ∞         100%        8
 Polar Vortex             Ice            0%         N/A       100%        9


Dungeon Overview and Level Annotations

Branches:
Dungeon (12/15)            Temple (0/1) D:4            Lair (5/5) D:9
  Swamp (1/4) Lair:3        Snake (4/4) Lair:3        Slime (5/5) Lair:4
    Orc (2/2) D:9             Elf (0/3) Orc:2         Sewer (visited)
  IceCv (visited)         Volcano (visited)

Altars:
Dithmenos
Fedhas
Gozag
Hepliaklqana
Nemelex Xobeh
Sif Muna
Uskayaw
Xom
Zin
The Shining One
Jiyva

Shops:
Orc:2 ?=!!   Snake:1 :   Snake:3 ::?   Snake:4 *

Annotations:
Snake:1 2 transporters
Snake:4 1 transporter, 7tar4e's ghost, journeyman FeBe
Slime:5 Royal Jelly


Innate Abilities, Weirdness & Mutations

You have a pair of horns on your head.
You reflexively headbutt those who attack you in melee.
You have claws for hands.
You are partially covered in iridescent scales. (AC +2)
You are partially covered in large bone plates. (SH +4)
You possess an exceptional clarity of mind.
You are highly strong-willed. (Will++)
Your spells are a little harder to cast, but a little more powerful.
You have acidic saliva.
Your body has grown eyes which may confuse attackers. (Acc +3)
Armour fits poorly on your pseudopods.
Your translucent skin slightly reduces your foes' accuracy. (Stealth+)
You have a small jelly attached to you that may absorb projectiles.


Message History

The walls burn the mana viper!
The mana viper completely misses you.
You hit the anaconda but do no damage. You headbutt the anaconda!
You kill the anaconda!
You feel sick.
The walls burn the black mamba!
The walls burn the shock serpent!
You block the shock serpent's attack.
The walls burn the mana viper!
The mana viper bites you!
* * * LOW HITPOINT WARNING * * *
You feel your power leaking away.
Your Armour skill increases to level 17!
You feel better.
The walls burn the black mamba!
The walls burn the mana viper!
The walls burn the shock serpent!
You block the shock serpent's attack.
The walls burn the shock serpent!
The walls burn the black mamba!
The walls burn the mana viper!
You kill the mana viper!
The walls burn the shock serpent!
You block the shock serpent's attack.
The wall burns the shock serpent!
You block the shock serpent's attack.
The walls burn the black mamba!
The black mamba bites you but does no damage.
The walls burn 7tar4e's ghost! 7tar4e's ghost hits you!
* * * LOW HITPOINT WARNING * * *
You feel much better.
The walls burn the black mamba!
The black mamba bites you.
* * * LOW HITPOINT WARNING * * *
The wall burns the shock serpent!
The walls burn the shock serpent!
You block the shock serpent's attack.
The walls burn the mana viper!
The walls burn the black mamba!
You block the black mamba's attack.
The walls burn the shock serpent! x2; You block the shock serpent's attack.
The walls burn the black mamba!
You kill the black mamba!
The walls burn 7tar4e's ghost! 7tar4e's ghost misses you.
You furiously retaliate!
You headbutt 7tar4e's ghost.
The walls burn the shock serpent!
You kill the shock serpent!
The walls burn the mana viper!
The mana viper bites you!
* * * LOW HITPOINT WARNING * * *
You feel your power leaking away.
The walls burn the shock serpent!
The shock serpent bites you!
* * * LOW HITPOINT WARNING * * *
The shock serpent shocks you!
You die...

###...............
#######.................
##....JJJJJ..............
#..####JJJ####...........
##.##..##### .###.........
#..#.../%=?)$#..##.......#
#.##.##§.=###....#.......#
#.#.....#.S†..#.##.......#
#.#..##††@..#.SW#........#
#.#.....W#S.##SS#.#......#
#.##...#. .#....#........#
#..#....# .....##........#
##.#####. ###©##.........#
#.....####©###...........
####...........#.....#...
#.......#####.....####
#......## #.....# #


You could see a shock serpent (berserk), a mana viper (berserk) and 7tar4e's
ghost.

Vanquished Creatures
  A tentacled starspawn (Abyss:1)
  A storm dragon (D:12)
  16 nagarajas
  2 orc warlords (Orc:2)
  A reaper (IceCv)
  A starcursed mass (Abyss:1)
  A fire dragon (Volcano)
  Harold (Lair:2)
  2 salamander tyrants (Snake:4)
  A hydra (Lair:5)
  3 centaur warriors
  2 boulder beetles (D:12)
  Erolcha (Orc:1)
  An alligator (Swamp:1)
  A death knight (D:12)
  6 anacondas
  2 death yaks (Lair:5)
  6 two-headed ogres
  16 naga warriors
  13 naga sharpshooters
  A deep troll earth mage (D:12)
  4 orc high priests (Orc:2)
  4 shock serpents
  3 skysharks
  5 skeletal warriors (D:12)
  2 salamander mystics (Snake:3)
  A wretched star (Abyss:1)
  A sea snake (Snake:1)
  3 bog bodies
  A swamp dragon (Lair:3)
  6 mana vipers
  4 lindwurms (Volcano)
  A phantasmal warrior (Abyss:1)
  3 naga ritualists
  4 orc knights
  A deep elf pyromancer (D:12)
  2 large abominations (Abyss:1)
  A deep elf zephyrmancer (D:12)
  4 orc sorcerers (Orc:2)
  2 ugly things
  A moth of wrath (Snake:4)
  A manticore (D:12)
  9 salamanders
  A will-o-the-wisp (Abyss:1)
  A meliai (D:12)
  A cyclops (Orc:1)
  An ice statue (IceCv)
  The ghost of Vncvd the Covert, a novice OpBr (D:6)
  11 guardian serpents
  3 smoke demons
  7 kobold blastminers
  18 elephants
  20 black mambas
  16 naga magi
  A gargoyle (D:12)
  An unseen horror (D:11)
  2 torpor snails (Lair:5)
  14 cane toads
  2 freezing wraiths
  6 komodo dragons
  Jeremiah (D:8)
  2 ice devils (IceCv)
  A kobold demonologist (D:9)
  A rime drake (Lair:2)
  10 trolls
  A queen bee (Lair:1)
  5 polar bears
  6 hornets
  Grinder (D:3)
  A raiju (shapeshifter) (D:12)
  10 blink frogs
  8 dream sheep (Lair:5)
  A shadow (D:9)
  2 dire elephant simulacra (IceCv)
  5 small abominations (Abyss:1)
  A slime creature (Snake:4)
  10 spriggans (Lair:5)
  2 wraiths
  A wyvern (Lair:1)
  34 yaks
  3 basilisks
  4 steam dragons
  7 wargs
  2 death yak simulacra (IceCv)
  2 chaos spawn (Abyss:1)
  3 acid dragons
  41 nagas
  16 water moccasins
  3 hell hounds (Volcano)
  53 orc warriors
  10 black bears
  2 ice beasts
  2 sky beasts (D:7)
  7 ogres
  4 boggarts (Lair:5)
  22 wolves
  9 centaurs
  A phantom (D:6)
  4 kobold brigands
  12 bullfrogs
  2 scorpions (D:6)
  3 gnoll sergeants
  4 two-headed ogre simulacra (IceCv)
  3 cane toad simulacra (IceCv)
  5 wights (D:10)
  30 killer bees
  2 elephant simulacra (IceCv)
  2 electric eels (Snake:1)
  5 howler monkeys (D:10)
  A bombardier beetle (D:5)
  A quasit (D:6)
  2 gnoll boudas (D:7)
  3 hounds
  A jelly (Sewer)
  25 orc priests
  A sleepcap (D:4)
  4 iguanas
  14 orc wizards
  4 hell rats (Lair:1)
  2 polar bear simulacra (IceCv)
  5 spriggan simulacra (IceCv)
  5 troll simulacra (IceCv)
  2 wolf simulacra (IceCv)
  16 gnolls
  A river rat (Sewer)
  6 adders
  3 naga simulacra (IceCv)
  A shadow imp (D:5)
  17 white imps
  4 ufetubi (IceCv)
  4 dart slugs
  6 ribbon worms
  84 orcs
  6 bats
  23 endoplasms
  8 giant cockroaches
  5 goblins
  9 hobgoblins
  3 jackals
  4 quokkas
  13 ball pythons
  9 frilled lizards
  16 kobolds
  6 rats
928 creatures vanquished.

Vanquished Creatures (collateral kills)
  Roxanne (Snake:4)
  An ettin (Orc:2)
  A salamander tyrant (Snake:4)
  A shock serpent (Snake:4)
  A kobold blastminer (Orc:1)
  An orc warrior (Orc:1)
  An ogre (Orc:1)
  An orc wizard (Orc:1)
  2 orcs (Orc:1)
10 creatures vanquished.

Vanquished Creatures (others)
  A nagaraja (Snake:4)
  2 naga warriors (Snake:4)
  A cyclops (D:12)
  A black mamba (Snake:2)
  A naga mage (Snake:2)
  A guardian serpent (Snake:2)
  A kobold demonologist (D:12)
  2 bloated husks (Swamp:1)
  A dream sheep (Lair:5)
  2 slime creatures (D:12)
  A spriggan (Lair:5)
  A steam dragon (Volcano)
  2 nagas (Snake:3)
  An orc warrior (Orc:2)
  A black bear (D:6)
  A centaur (D:4)
  2 kobold brigands (D:9)
  A scorpion (D:5)
  3 killer bees
  113 jellies
  A hound (D:6)
  3 quasits (D:6)
  4 orc priests
  4 orc wizards
  An adder (D:5)
  A white imp (D:6)
  An ufetubus (IceCv)
  An endoplasm (D:4)
  21 orcs
  A giant cockroach (Sewer)
  A frilled lizard (Sewer)
  6 kobolds
  A rat (Sewer)
  A butterfly (Lair:4)
  12 foxfires (Abyss:1)
  8 starspawn tentacles (Abyss:1)
206 creatures vanquished.

Grand Total: 1144 creatures vanquished

Notes
Turn   | Place    | Note
-------+----------+-------------------------------------------
     0 | D:1      | Metae the Minotaur Fighter began the quest for the Orb.
     0 | D:1      | Reached XP level 1. HP: 19/19 MP: 0/0
    61 | D:1      | Found a faded altar of an unknown god.
   123 | D:1      | Reached XP level 2. HP: 27/27 MP: 1/1
   454 | D:1      | Reached skill level 1 in Dodging
   481 | D:1      | Reached XP level 3. HP: 33/33 MP: 2/2
  1436 | D:2      | Reached XP level 4. HP: 40/40 MP: 3/3
  1844 | D:3      | Reached XP level 5. HP: 45/47 MP: 4/4
  1904 | D:3      | Noticed Grinder
  1908 | D:3      | Paralysed by Grinder for 5 turns
  1916 | D:3      | Paralysed by Grinder for 5 turns
  1924 | D:3      | Paralysed by Grinder for 3 turns
  1932 | D:3      | HP: 1/47 [Grinder (2)]
  1935 | D:3      | Killed Grinder
  1936 | D:3      | Reached skill level 5 in Fighting
  1936 | D:3      | Reached skill level 5 in Armour
  1936 | D:3      | Reached XP level 6. HP: 2/56 MP: 5/5
  2265 | D:4      | Reached skill level 5 in Shields
  2430 | D:4      | Found a glowing drain.
  2447 | Sewer    | Entered a sewer
  2725 | Sewer    | Found a viscous altar of Jiyva.
  2734 | Sewer    | Became a worshipper of Jiyva Jaciroq the Shapeless
  2981 | D:4      | Reached XP level 7. HP: 40/61 MP: 6/6
  3287 | D:4      | Found a staircase to the Ecumenical Temple.
  3319 | D:4      | Reached * piety under Jiyva
  3695 | D:5      | Entered Level 5 of the Dungeon
  3701 | D:5      | Reached skill level 5 in Polearms
  3823 | D:5      | Reached ** piety under Jiyva
  4004 | D:5      | Reached XP level 8. HP: 66/70 MP: 7/7
  4255 | D:6      | Found a transporter.
  4266 | D:6      | Noticed Vncvd's ghost (novice OpBr)
  4281 | D:6      | Found a transporter.
  4378 | D:6      | Reached *** piety under Jiyva
  4437 | D:6      | Reached skill level 5 in Dodging
  4480 | D:6      | Gained mutation: Your skin changes colour to match your
                  | surroundings (Stealth+). [Jiyva's grace]
  4480 | D:6      | Gained mutation: Your skin blends seamlessly with your
                  | surroundings (Stealth++). [Jiyva's grace]
  4480 | D:6      | Gained mutation: Your skin perfectly mimics your
                  | surroundings (Stealth+++). [Jiyva's grace]
  4480 | D:6      | Gained mutation: You possess an exceptional clarity of
                  | mind. [Jiyva's grace]
  4887 | D:6      | Killed Vncvd's ghost
  4888 | D:6      | Reached XP level 9. HP: 72/79 MP: 8/8
  5112 | D:7      | Found a blossoming altar of Fedhas.
  5114 | D:7      | Found a hide-covered altar of Uskayaw.
  5119 | D:7      | Found a sparkling altar of Nemelex Xobeh.
  5121 | D:7      | Found a shimmering blue altar of Sif Muna.
  5124 | D:7      | Found a glowing silver altar of Zin.
  5127 | D:7      | Found a hazy altar of Hepliaklqana.
  5145 | D:7      | Found a shimmering altar of Xom.
  5222 | D:7      | Reached **** piety under Jiyva
  5313 | D:7      | Found a glowing golden altar of the Shining One.
  5429 | D:7      | Noticed a troll
  5442 | D:7      | Killed a troll
  5685 | D:8      | Noticed a two-headed ogre
  5695 | D:8      | Killed a two-headed ogre
  5781 | D:8      | Noticed Jeremiah
  5817 | D:8      | Killed Jeremiah
  5818 | D:8      | Reached XP level 10. HP: 69/89 MP: 9/9
  5829 | D:8      | Found an opulent altar of Gozag.
  5831 | D:8      | Found a shadowy altar of Dithmenos.
  6111 | D:9      | Found a staircase to the Lair.
  6510 | D:9      | Reached ***** piety under Jiyva
  6814 | D:9      | Found a staircase to the Orcish Mines.
  7035 | D:9      | Noticed a centaur warrior
  7040 | D:9      | Killed a centaur warrior
  7108 | Lair:1   | Entered Level 1 of the Lair of Beasts
  7111 | Lair:1   | Noticed a cane toad
  7122 | Lair:1   | Killed a cane toad
  7148 | Lair:1   | Noticed a cane toad
  7154 | Lair:1   | Killed a cane toad
  7155 | Lair:1   | Reached skill level 1 in Evocations
  7167 | Lair:1   | Found a dark tunnel.
  7176 | Volcano  | Entered a volcano
  7249 | Volcano  | Noticed a lindwurm
  7261 | Volcano  | Noticed a smoke demon
  7264 | Volcano  | Noticed a lindwurm
  7265 | Volcano  | Killed a lindwurm
  7266 | Volcano  | Reached XP level 11. HP: 83/99 MP: 8/10
  7278 | Volcano  | Killed a lindwurm
  7279 | Volcano  | Reached skill level 10 in Fighting
  7279 | Volcano  | Reached skill level 10 in Armour
  7298 | Volcano  | Noticed a lindwurm
  7318 | Volcano  | Killed a lindwurm
  7352 | Volcano  | Noticed a lindwurm
  7360 | Volcano  | Killed a lindwurm
  7404 | Volcano  | Noticed a fire dragon
  7418 | Volcano  | Killed a fire dragon
  7419 | Volcano  | Reached skill level 10 in Polearms
  8115 | Lair:1   | Lost mutation: Your skin perfectly mimics your surroundings
                  | (Stealth+++). [Jiyva's grace]
  8115 | Lair:1   | Gained mutation: You are partially covered in iridescent
                  | scales. (AC +2) [Jiyva's grace]
  8115 | Lair:1   | Gained mutation: You are mostly covered in iridescent
                  | scales. (AC +4) [Jiyva's grace]
  8115 | Lair:1   | Gained mutation: You are completely covered in iridescent
                  | scales. (AC +6) [Jiyva's grace]
  8115 | Lair:1   | Gained mutation: Your mind is acute. (Int +4, Str/Dex -1)
                  | [Jiyva's grace]
  8581 | Lair:2   | Reached XP level 12. HP: 104/110 MP: 9/11
  8775 | Lair:2   | Reached skill level 10 in Dodging
  8783 | Lair:2   | Noticed Harold
  8798 | Lair:2   | Killed Harold
  8909 | Lair:2   | Identified the amulet "Arihaeha" {Reflect Harm ^Drain rC+
                  | Regen+ SH+5}
  9331 | Lair:3   | Found a staircase to the Snake Pit.
  9338 | Lair:3   | Reached skill level 5 in Evocations
  9539 | Lair:3   | Reached ****** piety under Jiyva
  9543 | Lair:3   | Found a staircase to the Swamp.
  9819 | Lair:3   | Gained mutation: Your spells are a little harder to cast,
                  | but a little more powerful. [Jiyva's grace]
  9819 | Lair:3   | Gained mutation: Your spells are harder to cast, but more
                  | powerful. [Jiyva's grace]
  9819 | Lair:3   | Gained mutation: Your spells are much harder to cast, but
                  | much more powerful. [Jiyva's grace]
  9819 | Lair:3   | Gained mutation: Your body has grown eyes which may confuse
                  | attackers. (Acc +3) [Jiyva's grace]
 10044 | Lair:4   | Identified the +0 robe of Devotion {-Tele rF+ MP+9 Dex+9}
 10198 | Lair:4   | Reached XP level 13. HP: 111/119 MP: 12/12
 10621 | Lair:4   | Found a staircase to the Slime Pits.
 10623 | Lair:4   | Found a viscous altar of Jiyva.
 10722 | Lair:5   | Entered Level 5 of the Lair of Beasts
 10809 | Lair:5   | Identified the +1 ring mail of Weus {Will+}
 11332 | Lair:5   | Paralysed by a hornet for 3 turns
 11502 | Lair:5   | Gained mutation: You have a small jelly attached to you
                  | that may absorb projectiles. [Jiyva's grace]
 11502 | Lair:5   | Gained mutation: Your mind is very acute. (Int +8, Str/Dex
                  | -2) [Jiyva's grace]
 11502 | Lair:5   | Gained mutation: You have acidic saliva. [Jiyva's grace]
 11502 | Lair:5   | Gained mutation: You are partially covered in large bone
                  | plates. (SH +4) [Jiyva's grace]
 11903 | Lair:5   | Identified the +6 chain mail "Hosacurgh" {rF- Int+4 Dex+4}
 12267 | D:9      | Reached XP level 14. HP: 129/129 MP: 13/13
 12321 | Orc:1    | Entered Level 1 of the Orcish Mines
 12323 | Orc:1    | Noticed Erolcha
 12326 | Abyss:1  | Found a corrupted altar of Lugonu.
 12326 | Abyss:1  | Cast into level 1 of the Abyss (Erolcha)
 12512 | Abyss:1  | Found a corrupted altar of Lugonu.
 12576 | Abyss:1  | Found a corrupted altar of Lugonu.
 12623 | Abyss:1  | Noticed a tentacled starspawn
 12652 | Abyss:1  | Killed a tentacled starspawn
 12659 | Orc:1    | Escaped the Abyss
 12667 | Orc:1    | Killed Erolcha
 13093 | Orc:2    | Entered Level 2 of the Orcish Mines
 13390 | Orc:2    | Lost mutation: Your skin blends seamlessly with your
                  | surroundings (Stealth++). [Jiyva's grace]
 13390 | Orc:2    | Lost mutation: Your spells are much harder to cast, but
                  | much more powerful. [Jiyva's grace]
 13390 | Orc:2    | Lost mutation: Your spells are harder to cast, but more
                  | powerful. [Jiyva's grace]
 13390 | Orc:2    | Lost mutation: You have acidic saliva. [Jiyva's grace]
 13390 | Orc:2    | Lost mutation: Your skin changes colour to match your
                  | surroundings (Stealth+). [Jiyva's grace]
 13390 | Orc:2    | Gained mutation: Your translucent skin slightly reduces
                  | your foes' accuracy. (Stealth+) [Jiyva's grace]
 13390 | Orc:2    | Gained mutation: Your translucent skin reduces your foes'
                  | accuracy. (Stealth+) [Jiyva's grace]
 13390 | Orc:2    | Gained mutation: Your transparent skin significantly
                  | reduces your foes' accuracy. (Stealth+) [Jiyva's grace]
 13390 | Orc:2    | Gained mutation: You have sharp toenails. [Jiyva's grace]
 13544 | Orc:2    | Reached skill level 10 in Shields
 13673 | Orc:2    | Found Yschibaer's Magic Scroll Emporium.
 13679 | Orc:2    | Bought a scroll of identify for 24 gold pieces
 13679 | Orc:2    | Bought a scroll of fear for 48 gold pieces
 13679 | Orc:2    | Bought a scroll of identify for 24 gold pieces
 13679 | Orc:2    | Bought a scroll of teleportation for 36 gold pieces
 13679 | Orc:2    | Bought a scroll of identify for 24 gold pieces
 13686 | Orc:2    | Found Xufithi's Jewellery Shoppe.
 13719 | Orc:2    | Noticed an orc warlord
 13734 | Orc:2    | Killed an orc warlord
 14013 | Orc:2    | Found a staircase to the Elven Halls.
 14145 | Orc:2    | Noticed an orc warlord
 14163 | Orc:2    | Killed an orc warlord
 14293 | Orc:2    | Found Vuczatod's Distillery.
 14311 | Orc:2    | Bought a potion of curing for 42 gold pieces
 14311 | Orc:2    | Bought a potion of attraction for 42 gold pieces
 14311 | Orc:2    | Bought 2 potions of brilliance for 112 gold pieces
 14396 | Orc:2    | Found Baxasoh's Distillery.
 14452 | Orc:2    | Bought a potion of cancellation for 120 gold pieces
 14452 | Orc:2    | Bought a potion of heal wounds for 75 gold pieces
 14452 | Orc:2    | Bought a potion of curing for 45 gold pieces
 14452 | Orc:2    | Bought a potion of heal wounds for 75 gold pieces
 15108 | Swamp:1  | Entered Level 1 of the Swamp
 15221 | Slime:1  | Entered Level 1 of the Pits of Slime
 15221 | Slime:1  | Noticed an acid blob
 15221 | Slime:1  | Noticed a quicksilver ooze
 15334 | Slime:2  | Noticed an acid blob
 15335 | Slime:2  | Noticed an acid blob
 15350 | Slime:2  | Noticed an azure jelly
 15357 | Slime:2  | Noticed a quicksilver ooze
 15364 | Slime:2  | Noticed an azure jelly
 15376 | Slime:2  | Noticed an azure jelly
 15378 | Slime:2  | Noticed an azure jelly
 15381 | Slime:2  | Noticed an azure jelly
 15388 | Slime:2  | Noticed an acid blob
 15430 | Slime:3  | Noticed a rockslime
 15435 | Slime:3  | Noticed a quicksilver ooze
 15548 | Slime:4  | Noticed a quicksilver ooze
 15551 | Slime:4  | Noticed a rockslime
 15606 | Slime:4  | Noticed a quicksilver ooze
 15612 | Slime:5  | Entered Level 5 of the Pits of Slime
 15623 | Slime:5  | Noticed a rockslime
 15664 | Slime:5  | Noticed an acid blob
 15668 | Slime:5  | Noticed a rockslime
 15671 | Slime:5  | Noticed an acid blob
 15672 | Slime:5  | Found a viscous altar of Jiyva.
 15672 | Slime:5  | Noticed an acid blob
 15672 | Slime:5  | Noticed an acid blob
 15673 | Slime:5  | Noticed the Royal Jelly
 15675 | Slime:5  | Noticed an acid blob
 15675 | Slime:5  | Noticed an acid blob
 15683 | Slime:5  | Noticed an acid blob
 15700 | Slime:5  | Identified the +6 broad axe "Lotwaghe" {speed, ^Drain rElec
                  | rF- Dex+8}
 15703 | Slime:5  | Identified the staff "Wugiumoc" {+Blink rF+ rC+ Will- MP+9
                  | Fire}
 15704 | Slime:5  | Got a starry gem with 119 turns to spare
 15705 | Slime:5  | Identified the staff "Pophasm" {rN+++ rCorr MP+9 Int-3
                  | Earth}
 15707 | Slime:5  | Got a slimy rune of Zot
 15713 | Slime:5  | Noticed an acid blob
 15744 | Slime:5  | Identified the ring of Gemuubb {rPois rN+ Dex+3 Stlth+}
 15918 | Slime:5  | Noticed a rockslime
 15929 | Slime:5  | Identified the +12 rapier "Xihas" {drain, Dex+2}
 15931 | Slime:5  | Identified the +8 war axe of the Common Good {vamp, Fly
                  | rPois Int-4}
 15976 | Slime:5  | Noticed a quicksilver ooze
 16013 | Slime:5  | Noticed a quicksilver ooze
 16019 | Slime:5  | Noticed an acid blob
 16406 | D:10     | Entered Level 10 of the Dungeon
 16501 | D:10     | Reached XP level 15. HP: 139/139 MP: 14/14
 17185 | D:11     | Found a frozen archway.
 17215 | IceCv    | Entered an ice cave
 17338 | IceCv    | Reached skill level 15 in Armour
 17359 | IceCv    | Identified the +0 morningstar of Causality {flame, Str+4
                  | Dex+3 SInv}
 17471 | IceCv    | Reached skill level 15 in Fighting
 17488 | IceCv    | Got the Vellum of the Unstoppable Persimmons
 17994 | D:11     | Lost mutation: Your mind is very acute. (Int +8, Str/Dex
                  | -2) [Jiyva's grace]
 17994 | D:11     | Lost mutation: Your body has grown eyes which may confuse
                  | attackers. (Acc +3) [Jiyva's grace]
 17994 | D:11     | Lost mutation: Your transparent skin significantly reduces
                  | your foes' accuracy. (Stealth+) [Jiyva's grace]
 17994 | D:11     | Gained mutation: You are strong-willed. (Will+) [Jiyva's
                  | grace]
 17994 | D:11     | Gained mutation: You are highly strong-willed. (Will++)
                  | [Jiyva's grace]
 17994 | D:11     | Gained mutation: You are extremely strong-willed. (Will+++)
                  | [Jiyva's grace]
 17994 | D:11     | Gained mutation: You have razor-sharp toenails. [Jiyva's
                  | grace]
 18595 | D:12     | Reached skill level 1 in Ranged Weapons
 18598 | D:12     | Got the Atlas of Azure Ceraunoscopy
 18632 | D:12     | Reached skill level 1 in Throwing
 18714 | D:12     | Found a hazy altar of Hepliaklqana.
 18868 | D:12     | Reached skill level 15 in Polearms
 19091 | D:12     | Noticed a storm dragon
 19108 | D:12     | Killed a storm dragon
 19379 | D:12     | Identified a scroll of acquirement
 19649 | Snake:1  | Entered Level 1 of the Snake Pit
 19683 | Snake:1  | Found a transporter.
 19726 | Snake:1  | Found Ecridgh's Self-Improvement Boutique.
 19893 | Snake:1  | Noticed a nagaraja
 20257 | Snake:1  | Found a transporter.
 20422 | Snake:1  | You fall into a shaft and drop 1 floor!
 20478 | Snake:2  | HP: 3/143 [guardian serpent (16)]
 20679 | Snake:2  | Noticed a nagaraja
 20689 | Snake:2  | Killed a nagaraja
 20967 | Snake:2  | Lost mutation: You are completely covered in iridescent
                  | scales. (AC +6) [Jiyva's grace]
 20967 | Snake:2  | Lost mutation: You are mostly covered in iridescent scales.
                  | (AC +4) [Jiyva's grace]
 20967 | Snake:2  | Lost mutation: Your mind is acute. (Int +4, Str/Dex -1)
                  | [Jiyva's grace]
 20967 | Snake:2  | Lost mutation: You are extremely strong-willed. (Will+++)
                  | [Jiyva's grace]
 20967 | Snake:2  | Lost mutation: Your translucent skin reduces your foes'
                  | accuracy. (Stealth+) [Jiyva's grace]
 20967 | Snake:2  | Gained mutation: You have acidic saliva. [Jiyva's grace]
 20967 | Snake:2  | Gained mutation: Your body has grown eyes which may confuse
                  | attackers. (Acc +3) [Jiyva's grace]
 20967 | Snake:2  | Gained mutation: Your body has grown many eyes which may
                  | confuse attackers. (Acc +5) [Jiyva's grace]
 20967 | Snake:2  | Gained mutation: Your body is covered in eyes which may
                  | confuse attackers. (Acc +7, SInv) [Jiyva's grace]
 21032 | Snake:2  | Reached XP level 16. HP: 148/151 MP: 15/15
 21767 | Snake:3  | Found Typso's Magic Scroll Shoppe.
 21785 | Snake:3  | Found Kare's Book Emporium.
 21787 | Snake:3  | Found Vugailup's Book Shoppe.
 21792 | Snake:3  | Bought a scroll of blinking for 97 gold pieces
 21792 | Snake:3  | Bought a scroll of blinking for 97 gold pieces
 21876 | Snake:3  | Found a sparkling altar of Nemelex Xobeh.
 22000 | Snake:3  | Reached skill level 5 in Ranged Weapons
 22260 | Snake:3  | Reached skill level 5 in Throwing
 22708 | Snake:4  | Entered Level 4 of the Snake Pit
 22708 | Snake:4  | Noticed Roxanne
 22735 | Snake:4  | Killed Roxanne
 22929 | Snake:3  | Acquired 989 gold pieces
 23455 | Snake:4  | Got a serpentine rune of Zot
 23908 | Snake:4  | Lost mutation: You have razor-sharp toenails. [Jiyva's
                  | grace]
 23908 | Snake:4  | Lost mutation: You have sharp toenails. [Jiyva's grace]
 23908 | Snake:4  | Lost mutation: Your body is covered in eyes which may
                  | confuse attackers. (Acc +7, SInv) [Jiyva's grace]
 23908 | Snake:4  | Lost mutation: Your body has grown many eyes which may
                  | confuse attackers. (Acc +5) [Jiyva's grace]
 23908 | Snake:4  | Gained mutation: You have sharp fingernails. [Jiyva's
                  | grace]
 23908 | Snake:4  | Gained mutation: You have very sharp fingernails. [Jiyva's
                  | grace]
 23908 | Snake:4  | Gained mutation: You have claws for hands. [Jiyva's grace]
 23908 | Snake:4  | Gained mutation: Armour fits poorly on your pseudopods.
                  | [Jiyva's grace]
 23919 | Snake:4  | Reached skill level 15 in Dodging
 23945 | Snake:4  | Found a transporter.
 23983 | Snake:4  | Found a transporter.
 23987 | Snake:4  | Noticed 7tar4e's ghost (journeyman FeBe)
 24093 | Snake:4  | Found Oggatsel's General Store.
 24157 | Snake:4  | Bought a potion of curing for 39 gold pieces
 24157 | Snake:4  | Bought a phial of floods for 520 gold pieces
 24499 | Snake:4  | a nagaraja changed into an acid blob
 24499 | Snake:4  | Noticed an acid blob
 24607 | Snake:4  | Reached XP level 17. HP: 158/160 MP: 16/16
 25060 | Snake:4  | Slain by a shock serpent

Illustrated notes

Levels and vault maps discovered:
D:1:      dpeg_arrival_signposts, layout_basic,
          hellmonk_ecumenical_altar_dog_temple, minmay_misc_feat_chi,
          minmay_pentomino_o2
D:2:      layout_loops_ring
D:3:      layout_rooms, serial_park_tiny_pond, uniq_grinder
D:4:      minmay_door_path, layout_gridville, minmay_temple_entry_junction,
          cheibrodos_sewer_entry_sluice, hangedman_decor_riveting,
          minmay_misc_feat_cross, chequers_serial_rivers_micro_a
D:5:      nicolae_BIG_FREAKIN_CUBE, layout_cave_pools
D:6:      layout_loops_ring, gammafunk_ghost_stat_death
D:7:      layout_loops_ring, tso_altar, nicolae_overflow_hallway_of_the_gods
D:8:      layout_rooms, chequers_temple_overflow_statue_of_worship,
          uniq_jeremiah
D:9:      layout_basic, lair_entry_dummy, erik_orc_3
D:10:     layout_basic
D:11:     layout_basic, portal_ice_cave_entry_imps
D:12:     hangedman_cross_veins, layout_small_grid,
          worldfamousw_hep_ancestral_shrine
Lair:1:   layout_roguey, special_room [special_room_bee],
          nicolae_volcano_entry_two_sided
Lair:2:   layout_regular_city, uniq_harold
Lair:3:   layout_chaotic_city, skrybe_swamp_entry_bodies,
          guppyfry_snake_entry_island
Lair:4:   layout_gridlike, dpeg_slime_entry_corner, grunt_megastairs_2,
          lemuel_fruit_fields
Lair:5:   minmay_lair_end_enchanted_forest, layout_cave_pods, grunt_megastairs_4
Swamp:1:  nicolae_swamp_ascending_descending_big, layout_falls_marsh,
          nicolae_swamp_round_clearing, infiniplex_staircase_pool_2
Snake:1:  gammafunk_the_bubble [the_bubble_gammafunk_grid], layout_basic,
          nicolae_shop_self_help, serial_bayou_shore_a, grunt_megastairs_3,
          serial_bayou_shore_b
Snake:2:  layout_cave_pods, fake_guardian_serpent_vault
Snake:3:  layout_onion_interference, basic_altar, minmay_shop_star
Snake:4:  grunt_snake_rune_spirals, layout_onion,
          gammafunk_ghost_berserking_beasts, serial_shops,
          nicolae_shop_advertising_works [nicolae_subvault_shop_adworks],
          uniq_roxanne
Slime:1:  layout_caves
Slime:2:  layout_caves
Slime:3:  layout_caves
Slime:4:  layout_caves
Slime:5:  slime_pit_nicolae_trefoil
Orc:1:    layout_diamond_mine, nooodl_orcs_dogs, uniq_erolcha
Orc:2:    pubby_orc_utopia, serial_shops

Skill      XL: |  1  2  3  4  5  6  7  8  9 10 11 12 13 14 15 16 17 |
---------------+----------------------------------------------------+-----
Dodging        | 1 2 3 4 5 6 8 9 10 12 13 14 15 | 15.3
Armour         | 4 5 6 7 8 9 11 12 13 14 15 16 17 | 17.0
Fighting       | 4 5 6 7 8 9 11 12 13 14 15 16 17 | 17.0
Polearms       | 3 4 5 6 8 9 10 12 13 14 15 16 | 16.9
Shields        | 4 5 6 7 8 9 10 11 | 11.1
Evocations     | 1 4 6 7 8 |  8.9
Ranged Weapons | 4 6 |  6.4
Throwing       | 4 5 |  5.9

Action                     |  1- 3 |  4- 6 |  7- 9 | 10-12 | 13-15 | 16-18 || total
---------------------------+-------+-------+-------+-------+-------+-------++-------
  Melee: Trident           |   103 |   151 |   216 |   549 |  1646 |   490 ||  3155
         Headbutt          |     9 |    16 |    41 |   105 |   316 |   105 ||   592
         Bite              |       |       |       |       |    26 |    55 ||    81
         Pseudopods        |       |       |       |       |       |    47 ||    47
 Invoke: Oozemancy         |       |       |       |     1 |     4 |     2 ||     7
         Slimify           |       |       |       |       |     1 |     2 ||     3
  Evoke: Wand              |       |       |       |       |     1 |     6 ||     7
    Use: Scroll            |       |       |     1 |     5 |    11 |     4 ||    21
         Potion            |       |       |       |     1 |     2 |     6 ||     9
   Stab: Sleeping          |       |       |     3 |    12 |     6 |       ||    21
         Distracted        |       |       |       |     1 |     2 |       ||     3
         Confused          |       |       |       |     1 |     5 |    11 ||    17
         Invisible         |       |       |       |       |     1 |       ||     1
 Armour: Scale mail        |    42 |    47 |    71 |     8 |       |       ||   168
         Chain mail        |       |       |       |    72 |   185 |       ||   257
         Ring mail         |       |       |       |   153 |   131 |       ||   284
         Crystal plate arm |       |       |       |       |   239 |   278 ||   517
  Dodge: Dodged            |    42 |    92 |    98 |   407 |   446 |   121 ||  1206
  Block: Buckler           |    13 |    29 |    50 |   155 |   716 |   137 ||  1100
         Reflection        |       |       |       |       |    80 |    86 ||   166
         Kite shield       |       |       |       |       |       |   234 ||   234
